 Dungeon Crawl Stone Soup version 0.31-a0-1019-g3dd9dd1025 (webtiles) character file.

Game seed: 1191028455630747098

5763 Malachi the Fighter (level 10, -4/113 HPs)
             Began as a Troll Shapeshifter on Nov 17, 2023.
             Was a Plaything of Xom.
             Slain by a minotaur
             ... wielding a +2 heavy glaive
              (13 damage)
             ... in a Gauntlet.
             The game lasted 00:11:16 (7177 turns).

Malachi the Fighter (Troll Shapeshifter)            Turns: 7177, Time: 00:11:18

Health: -4/113     AC:  8    Str: 28    XL:     10   Next: 49%
Magic:  9/9        EV: 10    Int:  6    God:    Xom [..*...]
Gold:   534        SH:  0    Dex: 12    Spells: 9/9 levels left

rFire   . .          .
                       - Unarmed
rCold   . . .        (no shield)
rNeg    + + .        a - +0 animal skin
rPois   .            (helmet currently unavailable)
rElec   .            (cloak currently unavailable)
rCorr   .            (gloves unavailable)
SInv    .            (boots unavailable)
Will    .....        (no amulet)
Stlth   +            B - ring of positive energy
HPRegen 1.18/turn    H - ring "Sonkat" {rN+ AC+4 Dex+3}
MPRegen 0.11/turn

%: no teleportation, random rage (3%)
@: beast-form
A: beast (slay +4), large, unfitting armour, claws 3, regeneration 1, shaggy fur
1, tough skin 1, berserk 1, wild magic 1
a: Begin Untransformation, Renounce Religion


You were in a Gauntlet.
You worshipped Xom.
You were a toy of Xom.
You were a hulking beast.
You visited 2 branches of the dungeon, and saw 9 of its levels.
You also visited: Gauntlet.

You collected 534 gold pieces.

Inventory:

Hand Weapons
 G - the +9 sword of Zonguldrok {reap}
   (You found it in a Gauntlet)
Missiles
 i - a curare-tipped dart
Armour
 a - a +0 animal skin (worn)
Jewellery
 l - an amulet of magic regeneration
 r - an amulet of faith
 v - a +6 ring of intelligence
 B - a ring of positive energy (left claw)
 E - the ring of Zomunor {Fly rCorr Dex+2 Slay-6}
   (You found it in a Gauntlet)

   [ring of flight]

   Dex+2:     It affects your dexterity (+2).
   Slay-6:    It affects your accuracy & damage with ranged weapons and melee
   (-6).
   Fly:       It grants you flight.
   rCorr:     It protects you from acid and corrosion.
 H - the ring "Sonkat" (right claw) {rN+ AC+4 Dex+3}
   (You found it in a Gauntlet)

   [ring of protection]

   AC+4:      It affects your AC (+4).
   Dex+3:     It affects your dexterity (+3).
   rN+:       It protects you from negative energy.
Talismans
 c - a beast talisman
 d - a flux talisman
Scrolls
 e - 3 scrolls of immolation
 g - 2 scrolls of noise
 j - 3 scrolls of amnesia
 k - 2 scrolls of fog
 p - a scroll of torment
 w - 2 scrolls of revelation
 x - a scroll of enchant weapon
 y - 4 scrolls of teleportation
 C - a scroll of fear
 D - a scroll of vulnerability {unknown}
 F - a scroll of enchant armour {unknown}
Potions
 f - a potion of heal wounds {unknown}
 h - 3 potions of curing
 m - a potion of brilliance {unknown}
 n - a potion of magic {unknown}
 o - 3 potions of berserk rage {unknown}
 q - a potion of cancellation {unknown}
 s - a potion of attraction {unknown}
 t - 2 potions of degeneration {unknown}
 u - a potion of might {unknown}
 z - 2 potions of ambrosia {unknown}
 A - a potion of haste {unknown}


   Skills:
 - Level 11.0 Fighting
 - Level 1.5 Dodging
 + Level 10.0 Unarmed Combat
 - Level 7.0 Shapeshifting


You had 9 spell levels left.
You didn't know any spells.
Your spell library contained the following spells:

 Spells                   Type           Power      Damage    Failure   Level
 Magic Dart               Conj           0%         1d3       54%         1
 Call Imp                 Summ           0%         N/A       67%         2
 Mephitic Cloud           Conj/Pois/Air  0%         N/A       88%         3
 Ozocubu's Armour         Ice            0%         N/A       88%         3
 Ozocubu's Refrigeration  Ice            0%         4d7       100%        7


Dungeon Overview and Level Annotations

Branches:
Dungeon (8/15)             Temple (0/1) D:7            Lair (1/5) D:8
Gauntlet (1/1)

Altars:
Fedhas
Gozag
Hepliaklqana
Makhleb
Nemelex Xobeh
Uskayaw
Vehumet
Wu Jian
Xom

Annotations:
Lair:1 2 runed translucent doors Gauntlet 8 transporters, 1 runed translucent door, exclusion: obsidian statue


Innate Abilities, Weirdness & Mutations

You are a hulking beast.
Your limbs bulge with bestial killing power. (Slay +4)
You are too large for most types of armour.
You have claws for hands.
Your natural rate of healing is unusually fast.
You are covered in fur. (AC +1)
You have tough skin. (AC +1)
You sometimes lose your temper in combat.
Your spells are a little harder to cast, but a little more powerful.


Message History

The five-headed hydra bites you but does no damage. x4
You smack the five-headed hydra!
You kill the five-headed hydra!
Your Unarmed Combat skill increases to level 10!
You cannot move.
Unknown command.
You feel agile.
H - the ring "Sonkat" (right branch) {rN+ AC+4 Dex+3} You start resting.
Your transformation is almost over.
You feel less wooden.
Your +0 animal skin unmelds from your body.
You turn into a hulking beast.
You start resting.
HP restored.
You start waiting.
Done waiting.
Okay, then.
A minotaur comes into view. It is wielding a +2 heavy glaive.
Found 2 scrolls of teleportation and a puce potion.
The minotaur unwields a +2 heavy glaive.
The minotaur wields a +0 shortbow of electrocution.
You hear the crackle of electricity.
The minotaur shoots an arrow.
The arrow hits you!!
You are electrocuted!
A minotaur is nearby!
A minotaur is nearby!
Found a double sword and a runed leather armour.
Found a gate leading back out of this place.
The minotaur unwields a +0 shortbow of electrocution.
It stops crackling.
The minotaur wields a +2 heavy glaive.
The minotaur hits you with a +2 heavy glaive!!
The minotaur gores you!
There is an open door, spattered with blood here.
It was a potion of curing.
You feel better.
Xom is amused.
The minotaur hits you with a +2 heavy glaive!!!
* * * LOW HITPOINT WARNING * * *
The minotaur gores you!
You die...
Xom chortles!

≈#≈#§#§#≈####.......####≈#§#≈#≈#≈
#### #### ##..8.8.8..############
#...©.©.©...## #.....†.......#
#.#.#######.#.# # ...#....#.#
#.#.##.#.##.#.# #.............#
.#..##h##..#.# #8H8#..#.#
#...#....# #8.8#.8### #?.)####
#8.8# #!.[# #8∩8#


You could see a minotaur.

Vanquished Creatures
  A hydra (Gauntlet)
  A thrashing horror (Gauntlet)
  A cane toad (Lair:1)
  A wyvern (Lair:1)
  A basilisk (Lair:1)
  A steam dragon (D:8)
  Menkaure (D:5)
  2 orc warriors
  An ice beast (D:6)
  A sky beast (D:6)
  2 ogres
  A phantom (D:7)
  3 kobold brigands
  Blork the orc (D:5)
  5 bullfrogs
  3 scorpions
  2 small abominations (Gauntlet)
  3 wights (D:8)
  2 howler monkeys
  4 hounds
  3 jellies
  2 orc priests
  3 sleepcaps
  2 iguanas
  7 orc wizards
  4 gnolls (D:5)
  11 adders
  A shadow imp (D:5)
  A white imp (D:7)
  2 ufetubi (D:6)
  A worm (D:3)
  4 dart slugs
  21 orcs
  4 bats (D:2)
  9 endoplasms
  3 giant cockroaches
  4 goblins
  7 hobgoblins
  6 jackals
  5 quokkas
  5 ball pythons
  3 frilled lizards
  13 kobolds
158 creatures vanquished.

Vanquished Creatures (others)
  An orc (D:8)
1 creature vanquished.

Grand Total: 159 creatures vanquished

Notes
Turn   | Place    | Note
-------+----------+-------------------------------------------
     0 | D:1      | Malachi the Troll Shapeshifter began the quest for the Orb.
     0 | D:1      | Reached XP level 1. HP: 18/18 MP: 0/0
   167 | D:1      | Reached XP level 2. HP: 26/26 MP: 1/1
   704 | D:2      | Reached XP level 3. HP: 30/32 MP: 2/2
  1282 | D:2      | Reached XP level 4. HP: 36/40 MP: 3/3
  1678 | D:3      | Reached skill level 5 in Shapeshifting
  1977 | D:3      | Reached XP level 5. HP: 46/46 MP: 4/4
  2080 | D:3      | Noticed an orc warrior
  2096 | D:3      | Killed an orc warrior
  2159 | D:3      | Reached XP level 6. HP: 50/54 MP: 5/5
  2294 | D:4      | Found a sparkling altar of Nemelex Xobeh.
  2668 | D:5      | Entered Level 5 of the Dungeon
  2701 | D:5      | Noticed Menkaure
  2711 | D:5      | Killed Menkaure
  2783 | D:5      | Reached XP level 7. HP: 50/61 MP: 6/6
  2810 | D:5      | Reached skill level 1 in Fighting
  3030 | D:5      | Reached skill level 2 in Fighting
  3030 | D:5      | Reached skill level 5 in Unarmed Combat
  3051 | D:5      | Found a burning altar of Makhleb.
  3181 | D:5      | Noticed Blork the orc
  3185 | D:5      | Killed Blork the orc
  3224 | D:5      | Found a hazy altar of Hepliaklqana.
  3378 | D:5      | Found a shimmering altar of Xom.
  3387 | D:5      | Found a radiant altar of Vehumet.
  3520 | D:5      | Became a worshipper of Xom of Unknown Intention
  3680 | D:6      | Reached skill level 3 in Fighting
  3687 | D:6      | Reached XP level 8. HP: 72/75 MP: 7/7
  3808 | D:6      | XOM: silly message
  3832 | D:6      | XOM: silly message
  4006 | D:6      | XOM: potion effect (experience)
  4006 | D:6      | Reached skill level 10 in Fighting
  4006 | D:6      | Reached XP level 9. HP: 102/102 MP: 8/8
  4322 | D:6      | Found an opulent altar of Gozag.
  4376 | D:7      | Reached skill level 11 in Fighting
  4434 | D:7      | XOM: 1-stop teleportation journey
  4647 | D:7      | Found a staircase to the Ecumenical Temple.
  4819 | D:7      | XOM is BORED!
  4938 | D:7      | XOM: give mutations
  4938 | D:7      | Gained mutation: You sometimes lose your temper in combat.
                  | [Xom's mischief]
  4938 | D:7      | Gained mutation: Your spells are a little harder to cast,
                  | but a little more powerful. [Xom's mischief]
  5494 | D:8      | Found an ornate altar of the Wu Jian Council.
  5676 | D:8      | Found a staircase to the Lair.
  5914 | D:8      | XOM: noise
  6054 | D:8      | XOM: cast spell 'Alistair's Intoxication'
  6081 | D:8      | Found a blossoming altar of Fedhas.
  6120 | D:8      | XOM: god gift: orcbow {god gift}
  6214 | D:8      | Found a hide-covered altar of Uskayaw.
  6574 | Lair:1   | Entered Level 1 of the Lair of Beasts
  6613 | Lair:1   | Noticed a polar bear
  6624 | Lair:1   | a polar bear changed into a basilisk
  6624 | Lair:1   | XOM: polymorph polar bear -> basilisk
  6627 | Lair:1   | Reached XP level 10. HP: 102/113 MP: 9/9
  6633 | Lair:1   | Noticed a cane toad
  6642 | Lair:1   | Killed a cane toad
  6656 | Lair:1   | XOM: swap monsters
  6668 | Lair:1   | Found a runed translucent gate.
  6668 | Lair:1   | Found a runed translucent gate.
  6716 | Lair:1   | Found a gate leading to a gauntlet.
  6724 | Gauntlet | Entered a Gauntlet
  6724 | Gauntlet | Noticed a green ugly thing
  6724 | Gauntlet | Found a transporter.
  6726 | Gauntlet | Noticed a glowing orange brain
  6727 | Gauntlet | Found a transporter.
  6728 | Gauntlet | Noticed a thrashing horror
  6729 | Gauntlet | Found a transporter.
  6732 | Gauntlet | Found the +9 sword of Zonguldrok {reap}
  6733 | Gauntlet | Found a transporter.
  6734 | Gauntlet | Found a transporter.
  6735 | Gauntlet | Found a transporter.
  6736 | Gauntlet | Noticed a five-headed hydra
  6738 | Gauntlet | Found a runed translucent door.
  6739 | Gauntlet | Noticed a torpor snail
  6742 | Gauntlet | Found a runed translucent door.
  6744 | Gauntlet | Found a transporter.
  6763 | Gauntlet | Found a transporter.
  6782 | Gauntlet | Found a transporter.
  6786 | Gauntlet | Found a transporter.
  6792 | Gauntlet | Noticed a blizzard demon
  6794 | Gauntlet | Found a transporter.
  6889 | Gauntlet | Noticed an obsidian statue
  6891 | Gauntlet | Found a transporter.
  6936 | Gauntlet | XOM: chaos cloud
  6944 | Gauntlet | Killed a thrashing horror
  6965 | Gauntlet | Identified the ring of Zomunor {Fly rCorr Dex+2 Slay-6}
  6981 | Gauntlet | Identified the ring "Sonkat" {rN+ AC+4 Dex+3}
  6990 | Gauntlet | Killed a five-headed hydra
  6991 | Gauntlet | Reached skill level 10 in Unarmed Combat
  7172 | Gauntlet | Noticed a minotaur
  7177 | Gauntlet | Slain by a minotaur

Illustrated notes

Levels and vault maps discovered:
D:1:      dpeg_arrival_simpleton_b, layout_loops_ring
D:2:      layout_rooms, serial_co_window_serial, co_window_paths_b,
          co_window_corner_a, co_window_paths_a, co_window_paths_a,
          co_window_paths_a, co_window_paths_a, co_window_corner_a,
          co_window_cross_4, co_window_corner_b, co_window_broadway_c,
          co_window_cross_3, co_window_corner_b, co_window_broadway_a,
          co_window_corner_ca, co_window_paths_e, glass_columns_a,
          glass_columns_b, glass_columns_b
D:3:      layout_basic
D:4:      layout_rooms, nemelex_xobeh_ov_fountains_minmay
D:5:      layout_loops_cross, mainiacjoe_overflow_paths,
          mainiacjoe_overflow_swirl, worldfamousw_hep_ancestral_shrine,
          uniq_blork_the_orc, uniq_menkaure
D:6:      layout_basic, mainiacjoe_overflow_chevrons
D:7:      layout_layer_cave, minmay_temple_entry_junction
D:8:      layout_layer_cave, fedhas_altar_2, mainiacjoe_overflow_cross_hatched,
          nicolae_uskayaw_suspiria, lair_entry_dummy
Lair:1:   layout_layer_cave, gauntlet_entry_generic, ebering_ghost_rock_garden,
          cheibrodos_lair_caveside_slide, lemuel_fruit_tree
Gauntlet: minmay_gauntlet_mixed_oops_all_seconds
          [minmay_gauntlet_arena_77_museum,
          gammafunk_gauntlet_arena_split_diamond,
          minmay_gauntlet_arena_77_hold_the_fort,
          gammafunk_gauntlet_arena_teeth, minmay_gauntlet_arena_77_cramped,
          gammafunk_gauntlet_arena_open, nicolae_gauntlet_exit_dead_adventurers]

Skill      XL: |  1  2  3  4  5  6  7  8  9 10 |
---------------+-------------------------------+-----
Shapeshifting  | 4 5 6 7 |  7.0
Unarmed Combat | 4 5 6 8 10 | 10.0
Fighting       | 3 10 11 | 11.0
Dodging        | |  1.5

Action                     |  1- 3 |  4- 6 |  7- 9 | 10-12 || total
---------------------------+-------+-------+-------+-------++-------
  Melee: Unarmed           |    77 |   111 |   197 |    19 ||   404
         Punch             |       |     1 |    10 |       ||    11
    Use: Scroll            |       |       |    10 |       ||    10
         Potion            |       |       |       |     2 ||     2
   Stab: Sleeping          |     1 |       |       |       ||     1
         Confused          |       |       |     1 |       ||     1
 Armour: Animal skin       |    54 |    66 |   151 |    28 ||   299
         Skin              |       |       |       |    19 ||    19
  Dodge: Dodged            |    32 |    39 |    85 |    10 ||   166

Table legend: (Time is in decaauts)
 A = Elapsed time spent in this place.
 B = Non-inter-level travel time spent in this place.
 C = Inter-level travel time spent in this place.
 D = Time resting spent in this place.
 E = Time spent auto-exploring this place.
 F = Levels seen in this place.
 G = Mean time per level.
                   A        B        C        D        E       F      G
               +--------+--------+--------+--------+--------+-----+--------+
         Total |   7167 |   6850 |    317 |    278 |   5255 |  10 |  716.7 |
       Dungeon |   6568 |   6278 |    290 |    105 |   5242 |   8 |  821.0 |
          Lair |    148 |    121 |     27 |      6 |      0 |   1 |  148.0 |
      Gauntlet |    450 |    450 |      0 |    167 |     13 |   1 |  450.0 |
               +--------+--------+--------+--------+--------+-----+--------+

Top non-repeatable levels by time:
     D:8: 1192 daAuts
     D:7: 1036 daAuts
     D:2: 1031 daAuts
     D:5: 869 daAuts
     D:6: 813 daAuts
     D:1: 629 daAuts
     D:3: 624 daAuts
Gauntlet: 450 daAuts
     D:4: 372 daAuts
  Lair:1: 148 daAuts
